 Dungeon Crawl Stone Soup version 0.14-a0-3345-g9255d23 (webtiles) character file.

207 Kae the Chiller (level 4, -5/24 HPs)
             Began as a Deep Elf Ice Elementalist on Mar 17, 2014.
             Shot with an arrow of flame by a centaur (11 damage)
             ... on Level 3 of the Dungeon.
             The game lasted 00:02:32 (1865 turns).

Kae the Chiller (Deep Elf Ice Elementalist)         Turns: 1865, Time: 00:02:32

HP  -5/24        AC  2     Str  6      XL: 4   Next: 22%
MP  13/13        EV 13     Int 20      God:
Gold 124         SH  0     Dex 15      Spells:  2 memorised,  6 levels left

rFire  . . .     SeeInvis .     (no weapon)
rCold  . . .     Clarity  .     a - +0 robe
rNeg   . . .     Conserve .     (no shield)
rPois  .         rCorr    .     (no helmet)
rElec  .         rRot     .     (no cloak)
SustAb . .       Spirit   .     (no gloves)
rMut   .         Warding  .     (no boots)
Saprov . . .     Stasis   .     (no amulet)
MR     .....                    (no ring)
                                (no ring)

@: not resistant to hostile enchantments, fairly stealthy
A: no striking features
a: no special abilities


You were on level 3 of the Dungeon.
You were hungry.

You visited 1 branch of the dungeon, and saw 3 of its levels.

You collected 124 gold pieces.

Inventory:

Armour
 a - a +0 robe (worn)
Comestibles
 c - 3 bread rations
 f - an apple
 n - a pear
Scrolls
 d - a scroll of amnesia {unknown}
 e - 4 scrolls of identify {unknown}
 i - 2 scrolls of remove curse {unknown}
 l - a scroll of teleportation {unknown}
 p - a scroll of fog {unknown}
Jewellery
 k - an uncursed ring of fire
 m - a cursed -2 ring of strength {unknown}
Potions
 g - 3 potions of heal wounds {unknown}
 h - a potion of paralysis {unknown}
 j - a potion of curing {unknown}
Books
 b - a book of Frost

   Spells                             Type                      Level
   *Freeze                            Ice                          1
   *Throw Frost                       Conjuration/Ice              2
   Ozocubu's Armour                   Charms/Ice                   3
   Throw Icicle                       Conjuration/Ice              4
   Summon Ice Beast                   Ice/Summoning                4
   Condensation Shield                Ice                          4


   Skills:
 - Level 2.4 Dodging
 - Level 2.4 Stealth
 - Level 3.0 Spellcasting
 - Level 1.1 Conjurations
 * Level 5.6 Ice Magic


You had 6 spell levels left.
You knew the following spells:

 Your Spells              Type           Power        Failure   Level  Hunger
a - Freeze                Ice            ####         1%          1    None
b - Throw Frost           Conj/Ice       ###...       6%          2    ##.....


Dungeon Overview and Level Annotations

Branches:
Dungeon (3/15)

Altars:
Dithmenos


Message History

The ooze moves out of view.
No target in view!
No target in view!
No target in view!
No target in view!
No target in view!
Unknown command.
You spend a moment contemplating the meaning of life.
A giant gecko comes into view.
The ooze quivers.
Found a stone staircase leading up.
A bat and a centaur come into view.
The centaur wields a glowing bow.
It bursts into flame!
The centaur shoots an arrow of flame.
The arrow of flame hits you!
One of your 5 scrolls labeled CHIHYUL LARR catches fire!
Ouch! That really hurt!
* * * LOW HITPOINT WARNING * * *
You see here an arrow.
The centaur shoots an arrow of flame.
The arrow of flame hits you!
You die...

#..%......# ## #.........#
#. #.........# ###.
#######.........# #.#.
.......#.........# #.#.
........#.........####.#.
.........#..............'.
.........########......##.
.........@......'.........
.......J..########......###
........(.# #......# #
......l...# #......# #
.........# #......# #
.#........ ######## #
#........# ##### #
#...c....# #...# #
..<.....# #...# #


You could see a centaur, an ooze and a giant gecko (sleeping).

Vanquished Creatures
  3 adders
  A giant mite (D:1)
  A worm (D:3)
  9 bats
  6 goblins
  A hobgoblin (D:1)
  4 jackals (D:3)
  6 kobolds
  2 quokkas
  A ball python (D:1)
  2 giant cockroaches
  3 giant newts
  6 rats
45 creatures vanquished.

Notes
Turn   | Place    | Note
--------------------------------------------------------------
     0 | D:1      | Kae, the Deep Elf Ice Elementalist, began the quest for the Orb.
     0 | D:1      | Reached XP level 1. HP: 10/10 MP: 5/5
   129 | D:1      | Reached XP level 2. HP: 15/15 MP: 6/8
   131 | D:1      | Reached skill level 4 in Ice Magic
   471 | D:1      | Reached XP level 3. HP: 19/19 MP: 6/10
   475 | D:1      | Learned a level 2 spell: Throw Frost
   939 | D:2      | Reached skill level 5 in Ice Magic
  1160 | D:2      | Found a shadowy altar of Dithmenos.
  1518 | D:3      | Reached XP level 4. HP: 18/24 MP: 11/13
  1863 | D:3      | Noticed a centaur
  1865 | D:3      | Shot with an arrow of flame by a centaur

Action                   |  1- 3 |  4- 6 || total
-------------------------+-------+-------++-------
Melee: Unarmed           |    55 |     2 ||    57
 Cast: Freeze            |    44 |    10 ||    54
       Throw Frost       |     1 |       ||     1
 Stab: Sleeping          |     3 |       ||     3
